 Dungeon Crawl Stone Soup version 0.17-a0-2217-ga280b8d (webtiles) character file.

14532 Ordine the Severer (level 12, -5/100 HPs)
             Began as a Hill Orc Abyssal Knight on Oct 28, 2015.
             Was a Believer of Lugonu.
             Killed from afar by an electric eel (15 damage)
             ... with a bolt of electricity
             ... on level 1 of the Lair of Beasts.
             The game lasted 00:43:30 (15972 turns).

Ordine the Severer (Hill Orc Abyssal Knight)       Turns: 15972, Time: 00:43:31

Health: -5/100     AC: 14    Str: 20    XL:     12   Next: 17%
Magic:  21/21      EV:  8    Int: 12    God:    Lugonu [**....]
Gold:   608        SH:  0    Dex: 13    Spells: 0 memorised, 11 levels left

rFire  . . .     SeeInvis +     y - +10 war axe "Lotz" {flame, SInv}
rCold  + . .     Clarity  .     u - +0 plate armour
rNeg   . . .     SustAt   .     (no shield)
rPois  +         Gourm    .     l - +2 hat
rElec  .         Spirit   .     (no cloak)
rCorr  .         Warding  .     (no gloves)
rMut   .         Stasis   .     (no boots)
MR     .....                    O - amulet of rage
Stlth  ..........               N - ring of poison resistance
                                L - ring of Qerphek {rC+ Dex+3}

@: not resistant to hostile enchantments, extremely unstealthy
A: no striking features
a: Depart the Abyss, Bend Space, Renounce Religion, Evoke Berserk Rage


You were on level 1 of the Lair of Beasts.
You worshipped Lugonu.
Lugonu was pleased with you.
You were not hungry.

You visited 3 branches of the dungeon, and saw 13 of its levels.
You visited the Abyss 1 time.
You also visited: Trove.

You collected 960 gold pieces.
You spent 352 gold pieces at shops.

Inventory:

Hand Weapons
 g - a +2 battleaxe of freezing
 y - the +10 war axe "Lotz" (weapon) {flame, SInv}
   (You found it on level 10 of the Dungeon)

   It has been specially enchanted to burn those struck by it, causing extra
   injury to most foes and up to half again as much damage against particularly
   susceptible opponents.
   Big, fiery blades are also staple armaments of hydra-hunters.
   It lets you see invisible.
Armour
 l - a +2 hat (worn)
 u - a +0 plate armour (worn)
Jewellery
 q - an uncursed amulet of warding
 t - an uncursed amulet of resist mutation
 G - an uncursed ring of flight
 I - an uncursed ring of positive energy
 J - an uncursed ring of protection from cold
 L - the ring of Qerphek (left hand) {rC+ Dex+3}
   (You found it in a treasure trove)

   [ring of dexterity]

   It affects your dexterity (+3).
   It protects you from cold.
 M - an uncursed amulet of the gourmand
 N - a ring of poison resistance (right hand)
 O - an amulet of rage (around neck)
 P - an uncursed amulet of stasis
 Q - an uncursed amulet of resist corrosion
 R - an uncursed ring of protection from fire
Wands
 x - a wand of fire (8)
 D - a wand of cold (8)
 F - a wand of draining (6)
Scrolls
 a - 3 scrolls of teleportation
 b - 6 scrolls of remove curse
 j - a scroll of recharging
 s - a scroll of magic mapping
Potions
 e - 3 potions of agility
 h - 2 potions of flight
 k - 3 potions of resistance
 m - 2 potions of might
 n - 6 potions of curing
 o - a potion of heal wounds
 r - 3 potions of berserk rage
 w - a potion of invisibility
 A - a potion of degeneration {unknown}
 B - a potion of mutation {unknown}
 C - a potion of cure mutation {unknown}
 E - 3 potions of haste {unknown}
Miscellaneous
 v - a lamp of fire
Comestibles
 c - 9 bread rations
 d - 2 royal jellies
 f - 4 meat rations
 i - 2 slices of pizza
 p - 3 beef jerkies
 z - 2 fruits
 H - a chunk of flesh


   Skills:
 + Level 7.3 Fighting
 * Level 15.8 Axes
 + Level 6.0 Armour
 + Level 4.2 Dodging
 - Level 13.0 Invocations
 + Level 5.3 Evocations


You had 11 spell levels left.
You didn't know any spells.

Dungeon Overview and Level Annotations

Branches:
Dungeon (11/15)            Temple (1/1) D:7            Lair (1/8) D:11
    Orc: D:9-12

Altars:
Ashenzari
Cheibriados
Dithmenos
Elyvilon
Fedhas
Gozag
Kikubaaqudgha
Makhleb
Nemelex Xobeh
Okawaru
Qazlal
Ru
Sif Muna
Trog
Vehumet
Xom
Yredelemnul
Zin
The Shining One

Shops:
D:9 *   D:10 %

Annotations:
Abyss:1 Joseph, Prince Ribbit


Message History

The bolt of electricity hits you!
* * * LOW HITPOINT WARNING * * *
The bolt of electricity hits the electric eel.
The electric eel completely resists.
The giant frog hits you but does no damage.
Unknown command.
Drink which item? (? for menu, Esc to quit)
You feel much better. The giant frog closely misses you.
Okay, then.
You closely miss the electric eel. You slash the giant frog!
You burn the giant frog.
You kill the giant frog!
Lugonu accepts your kill.
You hit the electric eel. You burn the electric eel.
The electric eel is moderately wounded.
The electric eel shoots out a bolt of lightning at you!
The bolt of electricity hits you!
* * * LOW HITPOINT WARNING * * *
The bolt of electricity hits you!
You die...

#............#
#...
###.........##
##..
##....♣P♣..# ###
##..♣P≈≈≈.# #
#≈≈≈≈≈≈PP##
##♣≈≈♣≈≈♣≈##
##♣PP≈≈P≈P≈..
#≈≈≈♣≈≈≈♣≈≈♣.
##@♣≈P≈≈≈≈P≈♣P.
#≈;≈P≈≈≈≈≈♣≈♣ ..
#♣≈PP≈≈≈≈P≈≈≈P
♣♣≈≈≈≈≈≈≈P≈P≈
♣≈≈≈≈≈≈≈≈≈≈♣♣
≈P≈P≈≈≈≈≈≈≈≈≈♣
≈≈♣P≈≈≈≈≈≈≈≈≈≈≈
##≈♣≈≈≈≈≈≈≈≈≈≈≈♣
# P≈≈≈≈≈≈≈≈≈≈♣


You could see an electric eel.

Vanquished Creatures
  Erolcha (D:9)
  3 unseen horrors
  2 hill giants
  2 spiny frogs (Lair:1)
  Psyche (D:10)
  A two-headed ogre (D:11)
  3 trolls (D:11)
  A slime creature (D:11)
  A deep elf fighter (D:11)
  7 yaks (D:11)
  3 hippogriffs
  A steam dragon (D:11)
  2 water moccasins
  3 porcupines (Lair:1)
  3 ice beasts (D:11)
  6 orc warriors
  A wasp (D:11)
  3 phantoms
  2 sky beasts (D:8)
  4 centaurs
  8 ogres
  9 big kobolds
  A crocodile (Lair:1)
  6 giant frogs
  7 scorpions
  A water moccasin zombie (D:8)
  8 wights
  2 crimson imps
  2 centaur zombies (D:11)
  14 orc wizards
  2 centaur skeletons (D:10)
  11 jellies
  5 orc priests
  A giant frog skeleton (D:4)
  4 hounds
  2 sheep (D:11)
  4 iguanas
  9 worker ants
  2 hound skeletons
  13 gnolls
  13 river rats
  16 adders
  17 oozes
  3 worms
  11 giant geckos
  59 orcs
  4 ball pythons
  15 bats
  6 giant cockroaches
  11 goblins
  13 hobgoblins
  5 jackals
  11 kobolds
  A giant gecko zombie (D:3)
  9 giant newts
  3 quokkas
  A quokka skeleton (D:7)
  A quokka zombie (D:6)
  15 rats
  5 fungi
  3 plants
383 creatures vanquished.

Vanquished Creatures (others)
  A cyclops (D:11)
  A hungry ghost (D:9)
  2 orc warriors
  2 ogres
  A centaur (D:10)
  A gnoll sergeant (D:6)
  An orc priest (D:7)
  12 fungi (D:11)
  A plant (D:11)
22 creatures vanquished.

Grand Total: 405 creatures vanquished

Notes
Turn   | Place    | Note
--------------------------------------------------------------
     0 | Abyss:1  | Ordine the Hill Orc Abyssal Knight began the quest for the Orb.
     0 | Abyss:1  | Reached XP level 1. HP: 19/19 MP: 2/2
    16 | Abyss:1  | Noticed a raiju
    16 | D:1      | Escaped the Abyss
   115 | D:1      | Reached XP level 2. HP: 8/26 MP: 2/4
   380 | D:1      | Reached * piety under Lugonu
   631 | D:1      | Reached XP level 3. HP: 27/31 MP: 5/5
   861 | D:1      | Reached skill level 4 in Axes
  1173 | D:2      | Reached ** piety under Lugonu
  1354 | D:2      | You fall through a shaft!
  1359 | D:3      | Reached XP level 4. HP: 39/39 MP: 7/7
  2837 | D:3      | Found a basalt altar of Yredelemnul.
  2915 | D:3      | Found an opulent altar of Gozag.
  2951 | D:3      | Reached skill level 5 in Invocations
  2952 | D:3      | Reached XP level 5. HP: 34/45 MP: 8/8
  3174 | D:4      | Reached skill level 5 in Axes
  3362 | D:4      | Got an ichor-stained long sword
  3625 | D:4      | Identified the +7 long sword of the Countless Songs {flame, MP+9} (You found it on level 4 of the Dungeon)
  3766 | D:4      | Noticed a phantom
  3872 | D:4      | Reached skill level 6 in Invocations
  3872 | D:4      | Reached XP level 6. HP: 36/51 MP: 9/10
  3889 | D:4      | Killed a phantom
  4552 | D:5      | Entered Level 5 of the Dungeon
  4599 | D:5      | Reached skill level 7 in Invocations
  4659 | D:5      | Reached XP level 7. HP: 45/57 MP: 12/12
  4756 | D:5      | Reached *** piety under Lugonu
  5224 | D:5      | Found a bloodstained altar of Trog.
  5668 | D:5      | Reached skill level 8 in Invocations
  6315 | D:6      | Reached XP level 8. HP: 17/64 MP: 14/14
  6707 | D:6      | Reached skill level 9 in Axes
  7833 | D:7      | Reached skill level 10 in Axes
  7833 | D:7      | Reached skill level 10 in Invocations
  7914 | D:7      | Noticed Joseph
  7919 | D:7      | Banished Joseph
  8089 | D:7      | Reached XP level 9. HP: 67/70 MP: 16/16
  8524 | D:7      | Reached skill level 11 in Axes
  8920 | D:7      | Noticed Prince Ribbit
  8922 | D:7      | Banished Prince Ribbit
  9215 | D:7      | Found a staircase to the Ecumenical Temple.
  9227 | Temple   | Entered the Ecumenical Temple
 10051 | D:8      | Reached skill level 12 in Axes
 10823 | D:8      | Reached **** piety under Lugonu
 10901 | D:8      | Reached XP level 10. HP: 33/77 MP: 19/19
 11338 | D:8      | Reached skill level 13 in Axes
 11516 | D:9      | Reached skill level 1 in Dodging
 11620 | D:9      | Reached skill level 1 in Evocations
 11697 | D:9      | Noticed Erolcha
 11705 | D:9      | Killed Erolcha
 11720 | D:9      | Found Rishrola's Assorted Antiques.
 11727 | D:9      | Bought a glowing brown potion for 29 gold pieces
 11727 | D:9      | Bought 2 bubbling brown potions for 59 gold pieces
 11727 | D:9      | Bought a polished mace for 264 gold pieces
 11732 | D:9      | Identified the +7 mace "Ufaupn" {crush, *Drain rElec rN++} (You bought it in a shop on level 9 of the Dungeon)
 12113 | D:10     | Entered Level 10 of the Dungeon
 12142 | D:10     | Noticed a hill giant
 12148 | D:10     | Killed a hill giant
 12280 | D:10     | Reached ***** piety under Lugonu
 12408 | D:10     | Noticed Psyche
 12417 | D:10     | Killed Psyche
 12417 | D:10     | Reached skill level 5 in Fighting
 12417 | D:10     | Reached skill level 14 in Axes
 12603 | D:10     | Reached XP level 11. HP: 73/86 MP: 20/20
 12741 | D:10     | Killed an unseen horror
 13094 | D:10     | Found Hudiw's Food Shop.
 13201 | D:10     | Got an ichor-stained war axe
 13202 | D:10     | Identified the +10 war axe "Lotz" {flame, SInv} (You found it on level 10 of the Dungeon)
 14036 | D:11     | Noticed an unseen horror
 14045 | D:11     | Killed an unseen horror
 14045 | D:11     | Reached skill level 15 in Axes
 14045 | D:11     | Reached skill level 5 in Armour
 14579 | D:11     | Found a portal to a secret trove of treasure.
 14605 | Trove    | Entered a treasure trove
 14623 | Trove    | Got a pitted bone ring
 14671 | Trove    | Identified the ring of Qerphek {rC+ Dex+3} (You found it in a treasure trove)
 14885 | D:11     | Noticed an unseen horror
 14891 | D:11     | Killed an unseen horror
 14978 | D:11     | Noticed a hill giant
 15308 | D:11     | Killed a hill giant
 15308 | D:11     | Reached skill level 5 in Evocations
 15308 | D:11     | Reached XP level 12. HP: 77/100 MP: 21/21
 15567 | D:11     | Found a staircase to the Lair.
 15587 | Lair:1   | Entered Level 1 of the Lair of Beasts
 15969 | Lair:1   | HP: 5/100 [electric eel/bolt of electricity (10)]
 15972 | Lair:1   | Killed from afar by an electric eel

Vault maps used:
D:1:      dpeg_cavernosity
D:3:      old_standard_altar, nicolae_gozag_seed_capital
D:4:      first_bread
D:5:      basic_altar, gup_sewer_entry_spiral
D:6:      corexii_shack_village
D:7:      minmay_temple_entry_purple_smoke, uniq_joseph, uniq_prince_ribbit1
D:8:      special_room
D:9:      serial_shops, shop, uniq_erolcha
D:10:     serial_shops, shop, uniq_psyche
D:11:     lemuel_slime, grunt_lair_entry_elf_guard_hut, enter_trove_6,
          special_room
Temple:   kilobyte_greek_temple_18
Lair:1:   serial_bayou_lake_a
Trove:    trove_jewel_2

Action                   |  1- 3 |  4- 6 |  7- 9 | 10-12 || total
-------------------------+-------+-------+-------+-------++-------
Melee: Hand axe          |   141 |   220 |   358 |       ||   719
       Long sword        |       |     9 |       |       ||     9
       War axe           |       |     1 |   233 |   247 ||   481
       Battleaxe         |       |       |       |   148 ||   148
Invok: Depart the Abyss  |     1 |       |       |       ||     1
       Banish            |       |       |     8 |     7 ||    15
       Bend Space        |       |       |     1 |       ||     1
 Abil: Evoke Berserk Rag |       |       |       |     1 ||     1
  Use: Scroll            |     1 |     9 |     4 |     6 ||    20
       Potion            |       |     1 |     4 |     1 ||     6
 Stab: Sleeping          |     1 |       |       |       ||     1
  Eat: Chunk             |     2 |    10 |    23 |    19 ||    54
